 Dungeon Crawl Stone Soup version 0.15-a0-429-gf5d7e11 (webtiles) character file.

1024 PolkaDot the Martial Artist (level 7, 0/51 HPs)
             Began as a Vampire Monk on May 6, 2014.
             Killed from afar by an orc wizard (10 damage)
             ... with a puff of flame
             ... on Level 5 of the Dungeon.
             The game lasted 00:11:16 (3024 turns).

PolkaDot the Martial Artist (Vampire Monk)          Turns: 3024, Time: 00:11:16

HP   0/51        AC  6     Str 10      XL: 7   Next: 53%
MP   7/7         EV 14     Int 12      God:
Gold 250         SH  0     Dex 17 (18) Spells:  0 memorised,  6 levels left

rFire  . . .     SeeInvis +       - Unarmed
rCold  . . .     Clarity  .     a - +0 robe
rNeg   + . .     Conserve .     (no shield)
rPois  .         rCorr    .     (no helmet)
rElec  .         rRot     .     i - +0 cloak
SustAb . .       Spirit   .     (no gloves)
rMut   .         Warding  .     b - +2 pair of boots
Saprov . . .     Stasis   .     (no amulet)
MR     .....                    (no ring)
                                r - ring of positive energy

@: regenerating quickly, lethally poisoned, not resistant to hostile
enchantments, fairly stealthy
A: bottle blood, fangs 3, see invisible, unbreathing
a: Bottle Blood


You were on level 5 of the Dungeon.
You were very full.

You visited 1 branch of the dungeon, and saw 5 of its levels.

You collected 250 gold pieces.

Inventory:

Armour
 a - a +0 robe (worn)
 b - a +2 pair of boots (worn)
 i - a +0 cloak (worn)
Magical devices
 m - a wand of paralysis (16)
 o - a wand of lightning (0)
Scrolls
 c - 2 scrolls of identify
 d - a scroll of noise
 e - a scroll of magic mapping
 j - a scroll of enchant weapon I
 l - a scroll of amnesia {unknown}
 n - a scroll of immolation {unknown}
 p - a scroll of blinking {unknown}
Jewellery
 r - a ring of positive energy (left hand)
Potions
 f - 2 potions of curing
 g - a potion of paralysis {!q}
 h - a potion of brilliance
 k - a potion of flight
 q - a potion of restore abilities


   Skills:
 - Level 2.6 Fighting
 - Level 0.5 Armour
 - Level 3.2 Dodging
 - Level 3.0 Stealth
 * Level 10.1 Unarmed Combat


You had 6 spell levels left.
You didn't know any spells.

Dungeon Overview and Level Annotations

Branches:
Dungeon (5/15)             Temple (0/1) D:5

Altars:


Innate Abilities, Weirdness & Mutations

Your natural rate of healing is unusually fast.
You can bottle blood from corpses.
You have razor-sharp teeth.*
You have supernaturally acute eyesight.
You can survive without breathing.*


Message History

You see here a scorpion corpse.
Unknown command.
You completely miss the orc.
You feel sick.
You hit the orc. You bite the orc.
You kill the orc!
You feel sick.
You see here a hand axe.
An orc wizard comes into view. It is wielding a dagger.
You feel sick.
An orc wizard comes into view. It is wielding a dagger.
You feel sick.
You see here a hand axe.
You feel sick.
The orc wizard gestures at you while chanting.
The magic dart hits you!
* * * LOW HITPOINT WARNING * * *
You feel sick. The orc wizard casts a spell at you. The puff of flame hits you!
You die...

################################
................................
................................
.......o..%......................
........o.).....@.........######.
######..##########.######.# #.
#.. #.# #.# #. #.. #%# #.######.
#.. #.# #........ #.o ########.#
#........ ... .........#
#.)...... ###
...(.....######........
................#######


You could see an orc wizard.

Vanquished Creatures
  Eustachio (D:4)
  The ghost of 4tharraofdagon the Ruffian, an average TrWn of Ashenzari (D:4)
  A scorpion (D:5)
  A quasit (D:5)
  A crimson imp (D:5)
  An orc priest (D:4)
  A jelly (D:3)
  A gnoll shaman (D:4)
  A giant frog skeleton (D:4)
  Natasha (thrice) (D:3)
  3 worker ants (D:4)
  An ogre skeleton (D:4)
  5 gnolls (D:4)
  4 adders
  A giant mite (D:2)
  A worm (D:3)
  A giant gecko (D:1)
  3 oozes
  8 orcs
  A ball python (D:3)
  8 bats
  11 hobgoblins
  5 jackals
  3 quokkas (D:4)
  3 giant cockroaches
  2 giant gecko skeletons
  5 giant newts
  4 goblins
  A goblin skeleton (D:4)
  6 kobolds
  7 rats
95 creatures vanquished.

Notes
Turn   | Place    | Note
--------------------------------------------------------------
     0 | D:1      | PolkaDot, the Vampire Monk, began the quest for the Orb.
     0 | D:1      | Reached XP level 1. HP: 17/17 MP: 1/1
   185 | D:1      | Reached XP level 2. HP: 20/23 MP: 2/2
   215 | D:1      | Reached skill level 5 in Unarmed Combat
   622 | D:2      | Reached XP level 3. HP: 28/28 MP: 3/3
  1233 | D:3      | Reached skill level 6 in Unarmed Combat
  1234 | D:3      | Reached XP level 4. HP: 34/34 MP: 4/4
  1297 | D:3      | Noticed Natasha
  1311 | D:3      | Killed Natasha
  1528 | D:3      | Noticed Natasha
  1543 | D:3      | Killed Natasha
  1791 | D:3      | Reached XP level 5. HP: 25/39 MP: 5/5
  1840 | D:3      | Reached skill level 7 in Unarmed Combat
  1909 | D:3      | Noticed Natasha
  1915 | D:3      | Killed Natasha
  1963 | D:4      | Noticed Eustachio
  1976 | D:4      | Killed Eustachio
  1976 | D:4      | Reached skill level 8 in Unarmed Combat
  1976 | D:4      | Reached XP level 6. HP: 28/46 MP: 6/6
  2064 | D:4      | Noticed 4tharraofdagon's ghost (average TrWn)
  2086 | D:4      | Killed 4tharraofdagon's ghost
  2086 | D:4      | Reached skill level 9 in Unarmed Combat
  2288 | D:4      | Reached XP level 7. HP: 35/51 MP: 7/7
  2745 | D:5      | Entered Level 5 of the Dungeon
  2913 | D:5      | Found a staircase to the Ecumenical Temple.
  3010 | D:5      | Reached skill level 10 in Unarmed Combat
  3024 | D:5      | Killed from afar by an orc wizard

Action                   |  1- 3 |  4- 6 |  7- 9 || total
-------------------------+-------+-------+-------++-------
Melee: Unarmed           |   133 |   121 |    93 ||   347
Evoke: Wand              |     1 |       |     1 ||     2
  Use: Scroll            |     6 |     4 |     3 ||    13
       Potion            |     1 |     3 |     2 ||     6
 Stab: Sleeping          |     3 |     5 |     4 ||    12
       Paralysed         |     2 |       |       ||     2
       Invisible         |       |     1 |    11 ||    12
